 Dungeon Crawl Stone Soup version 0.27.1-33-g824d729ab1 (webtiles) character file.

Game seed: 5559995230976013694

65542 McKennaii the Convoker (level 14, -3/103 (110) HPs)
             Began as a Demigod Summoner on Dec 3, 2021.
             Slain by a merfolk impaler (14 damage)
             ... on level 1 of the Shoals.
             The game lasted 01:47:57 (44515 turns).

McKennaii the Convoker (Demigod Summoner)          Turns: 44515, Time: 01:47:58

HP:   -3/103 (110)  AC: 20    Str: 22    XL:     14   Next: 37%
MP:   29/34         EV:  9    Int: 32    God:
Gold: 100           SH:  0    Dex: 14    Spells: 13/36 levels left

rFire    . . .     SeeInvis +   q - +9 spear of Sequestration {spect, rElec rPois}
rCold    . . .     Faith    .   (no shield)
rNeg     . . .     Spirit   .   b - +5 chain mail of Tenacity {rElec rPois Stlth+}
rPois    +         Reflect  .   H - +2 hat {Int+3}
rElec    +         Harm     .   (no cloak)
rCorr    .         Rampage  .   R - +0 pair of gloves of Xom's Reproof {rPois Str+3 SInv}
Will     +....                  (no boots)
Stlth    ..........             p - amulet of magic regeneration
HPRegen  0.27/turn              e - ring of poison resistance
MPRegen  0.49/turn              h - +6 ring of strength

@: drained
A: high mp 1, forlorn
a: no special abilities


You were on level 1 of the Shoals.
You visited 5 branches of the dungeon, and saw 24 of its levels.

You collected 2177 gold pieces.
You spent 2077 gold pieces at shops.

Inventory:

Hand Weapons
 q - the +9 spear of Sequestration (weapon) {spect, rElec rPois}
   (You found it on level 5 of the Lair of Beasts)

   When its wielder attacks, the weapon's spirit leaps out and strikes again.
   The spirit shares a part of any damage it takes with its wielder.
   rElec:     It insulates you from electricity.
   rPois:     It protects you from poison.
 I - a +4 halberd of freezing
Armour
 b - the +5 chain mail of Tenacity (worn) {rElec rPois Stlth+}
   (You found it on level 6 of the Dungeon)

   rElec:     It insulates you from electricity.
   rPois:     It protects you from poison.
   Stlth:     It makes you more stealthy.
 H - a +2 hat of intelligence (worn)
 R - the +0 pair of gloves of Xom's Reproof (worn) {rPois Str+3 SInv}
   (You found it on level 12 of the Dungeon)

   Str:       It affects your strength (+3).
   rPois:     It protects you from poison.
   SInv:      It lets you see invisible.
Magical Staves
 x - a staff of death
 J - a staff of air
 U - a staff of conjuration
Jewellery
 c - a ring of fire
 e - a ring of poison resistance (left hand)
 h - a +6 ring of strength (right hand)
 p - an amulet of magic regeneration (around neck)
Wands
 t - a wand of paralysis (29)
 z - a wand of iceblast (55)
 N - a wand of flame (50)
 O - a wand of acid (9)
Scrolls
 a - 3 scrolls of vulnerability
 d - 4 scrolls of immolation
 i - 2 scrolls of enchant weapon
 n - 4 scrolls of magic mapping
 o - 4 scrolls of teleportation
 r - 3 scrolls of fog
 s - a scroll of holy word {unknown}
 v - 2 scrolls of enchant armour
 w - 4 scrolls of amnesia
 y - a scroll of acquirement
 D - a scroll of summoning
 F - 3 scrolls of identify
 M - a scroll of brand weapon {unknown}
 P - a scroll of torment {unknown}
 Q - a scroll of silence {unknown}
Potions
 f - 4 potions of curing
 g - 2 potions of mutation
 j - 4 potions of attraction
 k - 2 potions of invisibility
 l - 4 potions of haste
 m - 3 potions of flight
 u - 6 potions of might
 A - 2 potions of ambrosia
 B - a potion of lignification
 C - a potion of resistance
 E - 3 potions of brilliance
 K - 2 potions of magic
 L - 3 potions of berserk rage
 T - 3 potions of heal wounds


   Skills:
 - Level 6.3 Fighting
 - Level 5.0 Polearms
 + Level 10.3 Armour
 - Level 3.0 Dodging
 - Level 1.7 Stealth
 + Level 11.5 Spellcasting
 - Level 3.0 Hexes
 + Level 15.1 Summonings
 - Level 3.0 Air Magic
 - Level 3.0 Earth Magic


You had 13 spell levels left.
You knew the following spells:

 Your Spells              Type           Power      Damage    Failure   Level
a - Summon Lightning Spi  Summ/Air       66%        N/A       3%          4
b - Call Imp              Summ           86%        N/A       1%          2
c - Call Canine Familiar  Summ           86%        N/A       1%          3
d - Summon Guardian Gole  Hex/Summ       66%        N/A       1%          3
e - Animate Armour        Summ/Erth      100%       N/A       3%          4
f - Monstrous Menagerie   Summ           43%        N/A       26%         7

Your spell library contained the following spells:

 Spells                   Type           Power      Damage    Failure   Level
 Summon Small Mammal      Summ           100%       N/A       1%          1
 Slow                     Hex            37%        N/A       7%          2
 Summon Ice Beast         Ice/Summ       61%        N/A       7%          4
 Summon Mana Viper        Hex/Summ       66%        N/A       11%         5
 Passwall                 Tmut/Erth      23%        N/A       13%         2
 Confusing Touch          Hex            37%        N/A       14%         3
 Swiftness                Air            37%        N/A       14%         3
 Tukima's Dance           Hex            37%        N/A       14%         3
 Apportation              Tloc           36%        N/A       16%         1
 Magic Dart               Conj           72%        1d6       16%         1
 Summon Forest            Summ/Tloc      30%        N/A       19%         5
 Stone Arrow              Conj/Erth      56%        3d10      26%         3
 Mephitic Cloud           Conj/Pois/Air  24%        N/A       30%         3
 Gell's Gravitas          Tloc           9%         N/A       43%         3
 Lesser Beckoning         Tloc           9%         N/A       43%         3
 Ozocubu's Armour         Ice            18%        N/A       43%         3
 Teleport Other           Tloc           18%        N/A       43%         3
 Vampiric Draining        Necr           9%         2d7       43%         3
 Lee's Rapid Deconstruct  Erth           18%        3d12*     77%         5
 Passage of Golubria      Tloc           N/A        N/A       83%         4
 Borgnjor's Vile Clutch   Necr/Erth      14%        N/A       93%         5
 Metabolic Englaciation   Hex/Ice        14%        N/A       93%         5
 Yara's Violent Unravell  Hex/Tmut       14%        3d7       93%         5
 Alistair's Intoxication  Tmut/Pois      12%        N/A       99%         5
 Fireball                 Conj/Fire      9%         3d6       99%         5
 Eringya's Noxious Bog    Tmut/Pois      9%         N/A       100%        6
 Invisibility             Hex            18%        N/A       100%        6
 Simulacrum               Ice/Necr       9%         N/A       100%        6
 Ozocubu's Refrigeration  Ice            9%         4d6       100%        7
 Lehudib's Crystal Spear  Conj/Erth      14%        10d5      100%        8


Dungeon Overview and Level Annotations

Branches:
Dungeon (13/15)            Temple (0/1) D:5            Lair (6/6) D:11
 Shoals (1/4) Lair:2       Spider (2/4) Lair:4        Slime (0/5) Lair:6
    Orc (2/2) D:12            Elf (0/3) Orc:2
 Vaults: D:13-14

Shops:
D:10 *   D:11 *   Orc:1 :(?!!   Orc:2 :((:

Annotations:
D:13 Sonja
Shoals:1 Jorgrun


Innate Abilities, Weirdness & Mutations

Your attributes grow dramatically as you level up.
You have an increased reservoir of magic. (+10% MP)
You shall have no god before yourself.


Message History

Okay, then.
Your magical effects are unravelling.
You feel magically purged.
You break out of your daze.
The shadowy forms in the deep grow still as others approach.
The merfolk impaler hits you but does no damage.
You feel drained. The merfolk impaler misses you.
Jorgrun casts a spell next to your animated chain mail.
Some rock shatters into small pieces.
Jorgrun casts a spell at you.
Roots burst forth from the earth!
The grasping roots grab you! The grasping roots constrict you!
* * * LOW HITPOINT WARNING * * *
The merfolk avatar chants a haunting song.
You resist. The merfolk impaler barely misses you.
The merfolk impaler hits you from afar with a +2 demon trident of draining.
* * * LOW HITPOINT WARNING * * *
You feel drained.
Unknown command.
Blink to where?
Press: ? - help, Dir - move target You escape the roots' grasp.
As you read the scroll of blinking, it crumbles to dust.
Shadowy forms rise from the deep at the merfolk avatar's song!
The merfolk avatar chants a haunting song.
You are mesmerised by the merfolk avatar!
You cannot move away from the merfolk avatar!
Unknown command.
Okay, then.
Your magical effects are unravelling.
You feel magically purged.
You break out of your daze.
Something hits your crimson imp!!
Your crimson imp dies!
Your crimson imp disappears in a puff of smoke!
The merfolk avatar chants a haunting song.
You resist.
The merfolk impaler hits you from afar with a +2 demon trident of draining!
You die...

.P..≈≈≈≈(≈≈≈≈≈≈≈..#
.....≈≈≈..≈≈≈≈≈≈..#
......≈≈.≈≈≈≈mW≈..###
......≈≈≈≈≈≈≈≈≈≈≈...##
...≈..≈≈≈≈≈≈≈≈≈≈≈....#
.≈≈≈...5≈≈≈≈≈≈≈.....#
.≈....)..5>≈≈≈m.....####
.....≈≈[h...≈≈≈≈.......#
≈≈≈≈≈≈)g.§..≈≈)≈@.###.
≈≈≈≈...##..≈≈≈≈≈..#
≈≈≈≈g..##...≈≈....#
...........≈≈...#....
.........≈≈≈≈≈≈.......
≈.....≈≈≈≈≈≈≈≈≈≈≈≈≈....
≈.....≈≈≈≈≈≈≈≈≈≈≈≈≈≈..≈
≈≈≈≈≈≈≈≈≈≈≈≈≈≈≈≈≈≈≈≈
≈≈≈≈≈≈≈≈≈≈≈≈≈≈≈≈≈≈


You could see a merfolk avatar, a merfolk impaler, a drowned soul (summoned) and
a friendly crimson imp (summoned).

Vanquished Creatures
  An emperor scorpion (Spider:1)
  A hydra (Lair:5)
  A boulder beetle (Lair:6)
  A centaur warrior (D:13)
  A wolf spider (Spider:1)
  A faun (Shoals:1)
  An orb spider (Spider:1)
  6 orc sorcerers (Orc:2)
  A manticore (D:12)
  A merfolk siren (Lair:2)
  3 gargoyles
  2 black mambas
  A torpor snail (Lair:6)
  2 cane toads (Lair:6)
  A rime drake (Lair:6)
  4 komodo dragons
  A jumping spider (Lair:4)
  4 trolls
  A meliai (D:12)
  5 blink frogs
  3 dream sheep
  6 redbacks
  10 yaks
  3 tarantellas
  3 wyverns
  2 basilisks (Lair:4)
  4 wargs (Orc:2)
  6 water moccasins
  3 acid dragons (Lair:6)
  3 orc warriors
  2 wolves
  2 ogres (Orc:2)
  2 centaurs
  5 bullfrogs
  A nameless horror (Lair:3)
  2 wights (D:8)
  4 electric eels
  A howler monkey (D:8)
  3 centaur zombies
  A bullfrog zombie (D:6)
  A hound (D:4)
  4 orc priests (Orc:2)
  6 iguanas
  30 orc wizards
  4 hell rats (Lair:4)
  2 adder skeletons
  2 dart slugs
  40 orcs
  A bat (D:3)
  2 goblins (D:2)
  3 hobgoblins (D:3)
  A ball python (D:3)
  2 frilled lizards
  4 rats
207 creatures vanquished.

Vanquished Creatures (collateral kills)
  2 orc warlords
  Snorg (D:10)
  A fire dragon (Lair:6)
  A merfolk impaler (Shoals:1)
  Erolcha (D:9)
  4 hydras
  4 boulder beetles
  3 catoblepae
  5 two-headed ogres
  9 death yaks
  The ghost of TangoThomas the Carver, a novice DrAK of Lugonu (D:9)
  Urug (D:10)
  An orc high priest (Orc:1)
  The ghost of Vivir the Covered, a novice DDFi of Trog (D:8)
  The ghost of DenSaoPin the Grappler, a novice TrBe of Trog (D:8)
  The ghost of mistmaker the Zephyrmancer, a novice TeAE of Vehumet (D:8)
  2 skeletal warriors (D:12)
  The ghost of sydd the Zephyrmancer, a novice DgAE (D:8)
  2 lindwurms (Lair:6)
  A swamp dragon (Lair:6)
  Pikel (D:6)
  3 wolf spiders
  An orc knight (Orc:2)
  A faun (Shoals:1)
  2 oklob plants
  4 orc sorcerers
  A manticore (D:11)
  A merfolk siren (Shoals:1)
  Maurice (D:12)
  2 elephants (Lair:6)
  A black mamba (Lair:6)
  8 cane toads
  2 gargoyles (D:11)
  An unseen horror (D:12)
  8 rime drakes
  6 komodo dragons
  2 demonic crawlers (Spider:1)
  8 trolls
  A queen bee (D:12)
  2 meliai (D:12)
  Prince Ribbit (D:5)
  3 jumping spiders
  A hornet (Lair:4)
  Grinder (D:5)
  22 blink frogs
  3 polar bears
  6 slime creatures (D:12)
  6 dream sheep
  4 redbacks
  10 basilisks
  6 tarantellas
  3 wraiths (D:9)
  26 yaks
  11 wyverns
  A steam dragon (Lair:6)
  7 wargs (Orc:2)
  3 acid dragons
  8 water moccasins
  19 orc warriors
  A sky beast (D:6)
  An ice beast (D:5)
  A necrophage (D:3)
  2 swamp drakes (Lair:6)
  2 ogres
  2 centaurs
  17 wolves
  A lemure (D:6)
  2 phantoms
  6 bullfrogs
  Blork the orc (D:6)
  A water moccasin zombie (D:5)
  2 scorpions (D:4)
  24 killer bees
  13 wights
  An electric eel (Lair:2)
  2 howler monkeys
  5 centaur zombies
  A bullfrog zombie (D:5)
  A centaur skeleton (D:4)
  7 orc priests
  A gnoll shaman (D:6)
  3 hounds
  3 jellies
  3 iguanas
  19 orc wizards
  5 hell rats (Lair:4)
  A howler monkey zombie (D:9)
  9 gnolls
  3 adders
  2 ufetubi
  2 worms
  A dart slug (D:1)
  49 orcs
  4 endoplasms
  2 giant cockroaches
  5 goblins
  7 hobgoblins
  7 jackals
  9 kobolds
  A quokka (D:5)
  4 ball pythons
  3 bats
  A frilled lizard (D:3)
  7 rats
  A bush (Lair:5)
485 creatures vanquished.

Vanquished Creatures (others)
  Gastronok (D:8)
  A two-headed ogre (D:8)
  2 skeletal warriors (D:12)
  Nergalle (D:10)
  A centaur zombie (D:8)
  A rime drake (Lair:3)
  A shadow (D:9)
  A yak (Lair:4)
  A wraith (D:9)
  2 wargs
  An orc warrior (D:8)
  3 ice beasts
  A sky beast (D:6)
  2 wolves (Lair:3)
  A lemure (D:6)
  A killer bee (D:12)
  A wight (D:6)
  A hound (D:6)
  A jelly (D:6)
  An orc wizard (D:12)
  An orc (Orc:1)
  2 bushes (Lair:4)
  22 fungi
  43 plants
93 creatures vanquished.

Grand Total: 785 creatures vanquished

Notes
Turn   | Place    | Note
-------+----------+-------------------------------------------
     0 | D:1      | McKennaii the Demigod Summoner began the quest for the Orb.
     0 | D:1      | Reached XP level 1. HP: 14/14 MP: 5/5
  1100 | D:1      | Reached XP level 2. HP: 20/20 MP: 4/7
  1259 | D:1      | Learned a level 2 spell: Call Imp
  2192 | D:2      | Reached skill level 4 in Summonings
  3510 | D:2      | Reached XP level 3. HP: 26/26 MP: 5/9
  3756 | D:3      | Noticed a necrophage
  3764 | D:3      | Killed a necrophage
  3765 | D:3      | Reached XP level 4. HP: 33/33 MP: 6/11
  3769 | D:3      | Learned a level 3 spell: Call Canine Familiar
  4297 | D:3      | Noticed a phantom
  4316 | D:3      | Killed a phantom
  4317 | D:3      | Reached skill level 5 in Summonings
  4317 | D:3      | Reached XP level 5. HP: 24/38 MP: 12/12
  4489 | D:3      | Learned a level 3 spell: Summon Guardian Golem
  5078 | D:4      | Reached skill level 6 in Summonings
  5517 | D:4      | Reached XP level 6. HP: 22/45 MP: 4/13
  6126 | D:5      | Entered Level 5 of the Dungeon
  6277 | D:5      | Reached skill level 7 in Summonings
  6428 | D:5      | Found a staircase to the Ecumenical Temple.
  6658 | D:5      | Noticed Prince Ribbit
  6675 | D:5      | Killed Prince Ribbit
  6676 | D:5      | Reached XP level 7. HP: 36/50 MP: 9/14
  6962 | D:5      | Found a transporter.
  7069 | D:5      | Noticed Grinder
  7115 | D:5      | Killed Grinder
  7116 | D:5      | Reached skill level 8 in Summonings
  7349 | D:5      | Found a transporter.
  7794 | D:6      | Reached skill level 9 in Summonings
  7821 | D:6      | Reached XP level 8. HP: 32/57 MP: 10/15
  8036 | D:6      | Identified the +5 chain mail of Tenacity {rElec rPois
                  | Stlth+}
  8293 | D:6      | Noticed Pikel
  8322 | D:6      | Killed Pikel
  8323 | D:6      | Reached skill level 10 in Summonings
  8528 | D:6      | Noticed Blork the orc
  8541 | D:6      | Killed Blork the orc
  9494 | D:7      | Noticed a two-headed ogre
  9509 | D:7      | Killed a two-headed ogre
  9510 | D:7      | Reached skill level 5 in Armour
  9546 | D:7      | Reached XP level 9. HP: 62/62 MP: 15/17
 10544 | D:8      | Found a runed translucent gate.
 10545 | D:8      | Found a runed translucent gate.
 10546 | D:8      | Found a runed translucent gate.
 10547 | D:8      | Noticed Vivir's ghost (novice DDFi)
 10547 | D:8      | Noticed DenSaoPin's ghost (novice TrBe)
 10547 | D:8      | Noticed mistmaker's ghost (novice TeAE)
 10547 | D:8      | Noticed sydd's ghost (novice DgAE)
 10556 | D:8      | Noticed a two-headed ogre
 10591 | D:8      | Killed a two-headed ogre
 10794 | D:8      | Noticed a two-headed ogre
 10814 | D:8      | Killed a two-headed ogre
 10815 | D:8      | Reached skill level 5 in Spellcasting
 11140 | D:8      | Reached skill level 11 in Summonings
 11208 | D:8      | Noticed Gastronok
 11227 | D:8      | Killed Gastronok
 11228 | D:8      | Reached XP level 10. HP: 69/69 MP: 20/22
 11537 | D:8      | Killed Vivir's ghost
 11765 | D:8      | Killed mistmaker's ghost
 11766 | D:8      | Reached skill level 12 in Summonings
 11796 | D:8      | Killed DenSaoPin's ghost
 11938 | D:8      | Killed sydd's ghost
 12389 | D:9      | Noticed Erolcha
 12400 | D:9      | Noticed a two-headed ogre
 12441 | D:8      | Killed a two-headed ogre
 13017 | D:9      | Killed Erolcha
 13325 | D:9      | Found a runed translucent gate.
 13326 | D:9      | Found a runed translucent gate.
 13327 | D:9      | Found a runed translucent gate.
 13352 | D:9      | Noticed TangoThomas's ghost (novice DrAK)
 13735 | D:9      | Killed TangoThomas's ghost
 13951 | D:10     | Entered Level 10 of the Dungeon
 13951 | D:10     | Noticed a two-headed ogre
 13956 | D:10     | Noticed Snorg
 14115 | D:10     | Noticed Urug
 14116 | D:10     | Noticed Nergalle
 14381 | D:10     | Found Xocoluoz's General Store.
 14399 | D:10     | Reached skill level 13 in Summonings
 14401 | D:10     | Bought a scroll of identify for 22 gold pieces
 14401 | D:10     | Bought a potion of attraction for 33 gold pieces
 14821 | D:10     | Killed Nergalle
 15029 | D:9      | Reached XP level 11. HP: 44/74 MP: 19/25
 15234 | D:9      | Killed a two-headed ogre
 15872 | D:10     | Killed Urug
 16137 | D:10     | Killed Snorg
 16773 | D:11     | Identified the +0 helmet of Vucun {+Inv rElec Dex-4 Stlth+}
 16854 | D:11     | Reached skill level 1 in Hexes
 17140 | D:11     | Identified the +1 leather armour of Mumblety Peg {Str+6}
 18031 | D:11     | Noticed a boulder beetle
 18129 | D:11     | Killed a boulder beetle
 18351 | D:11     | Found Heip's General Store.
 18357 | D:11     | Bought a potion of curing for 48 gold pieces
 18357 | D:11     | Bought a potion of cancellation for 128 gold pieces
 18357 | D:11     | Bought a scroll of identify for 32 gold pieces
 18368 | D:11     | Identified a scroll of acquirement
 18453 | D:11     | Found a staircase to the Lair.
 20173 | D:12     | Noticed a skeletal warrior
 20223 | D:12     | Killed a skeletal warrior
 20531 | D:12     | Noticed Maurice
 20757 | D:12     | Paralysed by a meliai for 7 turns
 21084 | D:12     | Killed Maurice
 21429 | D:12     | Found a staircase to the Orcish Mines.
 21429 | D:12     | Identified the +0 pair of gloves of Xom's Reproof {rPois
                  | Str+3 SInv}
 21585 | D:12     | Reached skill level 1 in Fighting
 22056 | D:12     | Noticed a boulder beetle
 22135 | D:12     | Killed a boulder beetle
 23341 | D:12     | Noticed a skeletal warrior
 23351 | D:12     | Noticed a skeletal warrior
 23377 | D:12     | Noticed a skeletal warrior
 23417 | D:12     | Killed a skeletal warrior
 23800 | D:12     | Killed a skeletal warrior
 23801 | D:12     | Reached XP level 12. HP: 88/88 MP: 16/28
 24107 | D:13     | Noticed Sonja
 24138 | D:13     | Learned a level 4 spell: Animate Armour
 24156 | D:13     | Noticed a centaur warrior
 24172 | D:13     | Killed a centaur warrior
 24247 | Lair:1   | Entered Level 1 of the Lair of Beasts
 24563 | Lair:1   | Reached skill level 14 in Summonings
 24704 | Lair:1   | Reached skill level 1 in Earth Magic
 25413 | Lair:1   | Reached skill level 1 in Polearms
 26574 | Lair:2   | Found a staircase to the Shoals.
 28257 | Lair:3   | Noticed a catoblepas
 28288 | Lair:3   | HP: 3/92 [catoblepas/blast of calcifying dust (6)]
 28586 | Lair:3   | Killed a catoblepas
 30247 | Lair:4   | Found a hole to the Spider Nest.
 30828 | Lair:4   | Reached skill level 5 in Fighting
 31107 | Lair:3   | Noticed a catoblepas
 31117 | Lair:3   | Killed a catoblepas
 31818 | Lair:4   | Noticed an eight-headed hydra
 31818 | Lair:4   | Noticed a six-headed hydra
 31823 | Lair:4   | Reached XP level 13. HP: 75/100 MP: 26/30
 32547 | Lair:5   | Learned a level 4 spell: Summon Lightning Spire
 32648 | Lair:5   | You fall into a shaft and drop 1 floor!
 32648 | Lair:6   | Entered Level 6 of the Lair of Beasts
 33161 | Lair:6   | Reached skill level 1 in Air Magic
 34729 | Lair:6   | Got Spellcraft, Part Five
 35018 | Lair:6   | Reached skill level 5 in Polearms
 36047 | Lair:5   | Identified the +9 spear of Sequestration {spect, rElec
                  | rPois}
 36280 | Lair:5   | Reached skill level 10 in Armour
 37029 | Lair:6   | Found a staircase to the Slime Pits.
 37099 | Lair:6   | Reached skill level 15 in Summonings
 37446 | Lair:6   | Identified the +3 falchion "Koqe" {vorpal, Int+3 Dex+4}
 37668 | Lair:6   | Reached skill level 10 in Spellcasting
 38061 | Orc:1    | Entered Level 1 of the Orcish Mines
 38062 | Orc:1    | Found Hoenan's Distillery.
 38758 | Orc:1    | Found Diugh's Distillery.
 38767 | Orc:1    | Bought a potion of heal wounds for 85 gold pieces
 38767 | Orc:1    | Bought a potion of heal wounds for 85 gold pieces
 38767 | Orc:1    | Bought a potion of curing for 51 gold pieces
 38767 | Orc:1    | Bought a potion of curing for 51 gold pieces
 38767 | Orc:1    | Bought a potion of curing for 51 gold pieces
 38767 | Orc:1    | Bought a potion of heal wounds for 85 gold pieces
 38767 | Orc:1    | Bought a potion of haste for 170 gold pieces
 38767 | Orc:1    | Bought 2 potions of brilliance for 136 gold pieces
 38767 | Orc:1    | Bought a potion of might for 68 gold pieces
 38767 | Orc:1    | Bought a potion of mutation for 136 gold pieces
 38767 | Orc:1    | Bought a potion of berserk rage for 85 gold pieces
 38864 | Orc:1    | Bought 2 potions of heal wounds for 170 gold pieces
 38870 | Orc:1    | You fall into a shaft and drop 1 floor!
 38870 | Orc:2    | Entered Level 2 of the Orcish Mines
 39086 | Orc:1    | Bought a potion of heal wounds for 85 gold pieces
 39086 | Orc:1    | Bought a potion of curing for 51 gold pieces
 39086 | Orc:1    | Bought a potion of curing for 51 gold pieces
 39141 | Orc:1    | Found Jewyogew's Magic Scroll Shoppe.
 39155 | Orc:1    | Bought a scroll of teleportation for 36 gold pieces
 39157 | Orc:1    | Found Nil Zoypn's Book Shop.
 39225 | Orc:1    | Found Gaplom's Weapon Shop.
 39544 | Orc:2    | Noticed an orc warlord
 39760 | Orc:1    | Killed an orc warlord
 40157 | Orc:2    | Noticed an orc warlord
 40158 | Orc:2    | Paralysed by an orc sorcerer for 2 turns
 40189 | Orc:2    | Killed an orc warlord
 40190 | Orc:2    | Reached XP level 14. HP: 106/107 MP: 29/33
 41121 | Orc:2    | Found a staircase to the Elven Halls.
 41369 | Orc:2    | Found Yzipausu's Book Shoppe.
 41369 | Orc:2    | Found Xuthredo's Weapon Boutique.
 41413 | Orc:2    | Found Oquukh's Weapon Shoppe.
 41413 | Orc:2    | Found Imuji's Book Boutique.
 41420 | Orc:2    | Bought a book of Beasts for 418 gold pieces
 41428 | Orc:2    | Learned a level 7 spell: Monstrous Menagerie
 41661 | Spider:1 | Entered Level 1 of the Spider Nest
 43105 | Spider:1 | Noticed an emperor scorpion
 43120 | Spider:1 | Killed an emperor scorpion
 44308 | Shoals:1 | Entered Level 1 of the Shoals
 44496 | Shoals:1 | Noticed Jorgrun
 44515 | Shoals:1 | Slain by a merfolk impaler

Illustrated notes

Levels and vault maps discovered:
D:1:      kilobyte_arrival_exit_the_forest, layout_basic,
          hellmonk_ecumenical_altar_lost_god, minmay_heptomino_d4
D:2:      layout_basic, basic_altar
D:3:      layout_basic, trog_hazing_becter
D:4:      layout_basic, minitemple, kennysheep_small_square
D:5:      gammafunk_cloud_chamber, layout_basic,
          nicolae_hepliaklqana_hippocampus, minmay_temple_entry_crystal_x,
          corexii_corridor_pit, uniq_grinder, uniq_prince_ribbit1
D:6:      layout_basic, minmay_ruined_shrine, uniq_blork_the_orc, uniq_pikel
D:7:      layout_basic, mainiacjoe_overflow_small_starburst
D:8:      layout_loops_ring, marbit_many_paths, gammafunk_ghost_cemetery,
          uniq_gastronok
D:9:      layout_roguey, gammafunk_ghost_spectres, grunt_ministairs_3,
          uniq_erolcha
D:10:     layout_cave_pools, serial_shops, shop, uniq_snorg, uniq_nergalle,
          uniq_urug
D:11:     layout_stronghold, lair_entry_dummy, serial_shops, shop,
          nicolae_ru_the_path_less_chosen
D:12:     layout_roguey [special_room_bee], erik_orc_2, uniq_maurice
D:13:     layout_cave_pools, erik_vaults_1, serial_shops, shop,
          palyth_stone_intersect, uniq_sonja
Lair:1:   layout_concentric_octagons, basic_altar
Lair:2:   layout_layer_cave, minmay_shoals_entry_lonely_mermaid,
          nicolae_quartered_pool_medium
Lair:3:   layout_regular_city, kennysheep_catoblepas_arena
Lair:4:   layout_misc_corridors, spider_nest_entry_webs, special_room
          [special_room_mythical_zoo], grunt_forest_small_clearing_treed,
          serial_bayou_shore_b
Lair:5:   layout_regular_city, serial_bayou_ford_a, grunt_megastairs_1
Lair:6:   guppyfry_lair_end_dragon, layout_hall_layers,
          hangedman_lair_in_review, slime_dummy, nzn_sisyphean_effort,
          lemuel_fruit_tree
Shoals:1: layout_shoals, uniq_jorgrun
Spider:1: layout_spider_delve
Spider:2: layout_spider_delve, drop_trap
Orc:1:    layout_caves, serial_shops, shop_fountains,
          nicolae_shop_window_shopping, nicolae_diamond_shop, shop, shop_statue,
          nicolae_orc_flooded_monolith
Orc:2:    st_orc_town, layout_diamond_mine, nicolae_orc_crystal_geode

Skill      XL: |  1  2  3  4  5  6  7  8  9 10 11 12 13 14 |
---------------+-------------------------------------------+-----
Spellcasting   | 2 3 6 8 10 11 | 11.5
Summonings     | 4 5 6 7 9 10 11 13 14 15 | 15.1
Armour         | 5 7 9 10 | 10.3
Dodging        | 3 |  3.0
Hexes          | 3 |  3.0
Fighting       | 2 5 6 |  6.3
Earth Magic    | 3 |  3.0
Polearms       | 3 5 |  5.0
Air Magic      | 3 |  3.0
Stealth        | |  1.7

Action                   |  1- 3 |  4- 6 |  7- 9 | 10-12 | 13-15 || total
-------------------------+-------+-------+-------+-------+-------++-------
Melee: Unarmed           |    70 |       |       |       |       ||    70
       Falchion          |    10 |     6 |       |       |       ||    16
       Flail             |       |    84 |    78 |   273 |       ||   435
       Halberd           |       |       |       |   332 |   165 ||   497
       Spear             |       |       |       |       |   335 ||   335
 Cast: Summon Small Mamm |    29 |     4 |     1 |    13 |       ||    47
       Call Imp          |    37 |    30 |    81 |   327 |    66 ||   541
       Call Canine Famil |       |    23 |    26 |   166 |    54 ||   269
       Summon Guardian G |       |     3 |    12 |    13 |     5 ||    33
       Animate Armour    |       |       |       |    25 |    70 ||    95
       Summon Lightning  |       |       |       |       |     6 ||     6
       Monstrous Menager |       |       |       |       |     1 ||     1
Evoke: Wand              |       |       |       |     1 |     3 ||     4
  Use: Scroll            |       |       |    10 |    15 |     5 ||    30
       Potion            |       |       |     1 |     4 |    12 ||    17
 Stab: Sleeping          |     3 |     2 |     1 |       |       ||     6
       Distracted        |     2 |     1 |     2 |    16 |     9 ||    30
Armor: Robe              |    13 |    68 |    32 |       |       ||   113
       Chain mail        |       |       |       |   776 |   432 ||  1208
Dodge: Dodged            |    70 |   118 |    50 |   302 |   245 ||   785
       Rpst.: Falchion   |     1 |     6 |       |       |       ||     7
